 Dungeon Crawl Stone Soup version 0.29.1-1-gd02db6906a (webtiles) character file.

Game seed: 11524901437291478204

35 LustLizard the Trooper (level 3, -8/29 HPs)
             Began as a Demonspawn Fighter on Oct 5, 2022.
             Killed by nerve-wracking pain
             ... invoked by Jessica
              (14 damage)
             ... on level 2 of the Dungeon.
             The game lasted 00:01:55 (1499 turns).

LustLizard the Trooper (Demonspawn Fighter)         Turns: 1499, Time: 00:01:56

Health: -8/29      AC:  6    Str: 16    XL:     3   Next: 17%
Magic:  3/3        EV:  8    Int:  9    God:
Gold:   62         SH:  4    Dex: 14    Spells: 2/2 levels left

rFire   . . .      SeeInvis .   a - +0 long sword
rCold   . . .      Faith    .   c - +0 buckler
rNeg    . . .      Spirit   .   b - +0 scale mail
rPois   .          Reflect  .   (helmet restricted)
rElec   .          Harm     .   (no cloak)
rCorr   .          Rampage  .   (no gloves)
Will    .....                   (no boots)
Stlth   ..........              (no amulet)
HPRegen 0.09/turn               (no ring)
MPRegen 0.08/turn               (no ring)

@: no status effects
A: antennae 1
a: no special abilities


You were on level 2 of the Dungeon.
You visited 1 branch of the dungeon, and saw 2 of its levels.

You collected 62 gold pieces.

Inventory:

Hand Weapons
 a - a +0 long sword (weapon)
Missiles
 k - 11 stones (quivered)
Armour
 b - a +0 scale mail (worn)
 c - a +0 buckler (worn)
Scrolls
 f - 2 scrolls of blinking
 h - 3 scrolls of amnesia
 l - 3 scrolls of identify {unknown}
 m - a scroll of enchant weapon {unknown}
Potions
 d - a potion of might
 e - 2 potions of degeneration {unknown}
 g - a potion of resistance {unknown}
 i - 3 potions of haste {unknown}
 j - 2 potions of mutation {unknown}


   Skills:
 + Level 3.3 Fighting
 * Level 2.6 Long Blades
 * Level 1.2 Throwing
 - Level 2.6 Armour
 - Level 2.6 Shields


You had 2 spell levels left.
You didn't know any spells.
Your spell library was empty.

Dungeon Overview and Level Annotations

Branches:
Dungeon (2/15)

Altars:

Annotations:
D:2 Jessica


Innate Abilities, Weirdness & Mutations

You have a pair of small antennae on your head.


Message History

You kill the goblin!
You start resting.
HP restored.
You climb downwards.
Level annotation: Jessica
There is a stone staircase leading up, spattered with blood here.
You see here a quokka corpse.
You barely miss Jessica.
Jessica mumbles some strange words.
Jessica blinks!
You block Jessica's attack.
You see here a quokka corpse.
You completely miss Jessica. You block Jessica's attack.
Jessica hits you with a +0 club.
You closely miss Jessica. Jessica hits you with a +0 club.
You hit Jessica.
Jessica is moderately wounded.
Jessica misses you.
You barely miss Jessica.
Jessica is moderately wounded.
Jessica points at you and mumbles some strange words.
Pain shoots through your body!
Jessica gestures wildly while chanting.
Jessica seems to speed up.
You slash Jessica!
Jessica is almost dead.
Jessica very coldly says, "I hate your company."
Jessica casts a spell at you. Pain shoots through your body!
* * * LOW HITPOINT WARNING * * *
Jessica gestures at you while chanting. Pain shoots through your body!
* * * LOW HITPOINT WARNING * * *
You closely miss Jessica.
Jessica is almost dead.
Jessica mumbles some strange words.
Jessica blinks!
Jessica gestures at you while chanting. Pain shoots through your body!
You die...

.........#.#
.........#.#
.........#.#### #
..............#.#
................#
##..............#
................#
......@@†........
!#....
.......).........
.....?
.............>...
......
......?..........
.#....
............!....
......
.......#####.....
...... ......#
..... ......
...... ..##.
....g. ......


You could see Jessica (fast).

Vanquished Creatures
  A dart slug (D:1)
  2 bats (D:1)
  3 endoplasms (D:1)
  4 goblins
  2 hobgoblins (D:1)
  4 jackals (D:1)
  3 kobolds (D:1)
  2 quokkas
  4 ball pythons (D:1)
  3 frilled lizards (D:1)
  2 rats (D:1)
30 creatures vanquished.

Notes
Turn   | Place    | Note
-------+----------+-------------------------------------------
     0 | D:1      | LustLizard the Demonspawn Fighter began the quest for the
                  | Orb.
     0 | D:1      | Reached XP level 1. HP: 18/18 MP: 1/1
    94 | D:1      | Found a faded altar of an unknown god.
   442 | D:1      | Gained mutation: You have a pair of small antennae on your
                  | head. [demonic ancestry]
   442 | D:1      | Reached XP level 2. HP: 22/24 MP: 2/2
  1121 | D:1      | Reached skill level 1 in Throwing
  1145 | D:1      | Reached XP level 3. HP: 12/29 MP: 3/3
  1346 | D:2      | Noticed Jessica
  1499 | D:2      | Killed from afar by Jessica

Illustrated notes

Levels and vault maps discovered:
D:1:      psy_arrival_basics, layout_loops_cross, ebering_ecumenical_altar_hall,
          minmay_pentomino_q2
D:2:      layout_rooms, uniq_jessica, uniq_sigmund, uniq_natasha

Skill      XL: |  1  2 |
---------------+-------+-----
Long Blades    | 2 |  2.6
Throwing       | 1 |  1.2
Fighting       | |  3.3
Armour         | |  2.6
Shields        | |  2.6

Action                   || total
-------------------------++-------
Melee: Long sword        ||   100
  Use: Scroll            ||     2
Armor: Scale mail        ||    59
Dodge: Dodged            ||    72
Block: Buckler           ||    43
